 Dungeon Crawl Stone Soup version 0.30.0-29-ga12c61a403 (webtiles) character file.

Game seed: 12304597349187889260

11 McKennaii the Caller (level 2, 0/20 HPs)
             Began as a Demigod Summoner on June 8, 2023.
             Slain by a gnoll
             ... wielding a +0 club
              (5 damage)
             ... on level 1 of the Dungeon.
             The game lasted 00:00:50 (344 turns).

McKennaii the Caller (Demigod Summoner)              Turns: 344, Time: 00:00:50

Health: 0/20       AC:  2    Str:  9    XL:     2   Next: 6%
Magic:  3/7        EV: 12    Int: 17    God:
Gold:   0          SH:  0    Dex: 14    Spells: 4/5 levels left

rFire   . . .        (no weapon)
rCold   . . .        (no shield)
rNeg    . . .        a - +0 robe
rPois   .            (no helmet)
rElec   .            (no cloak)
rCorr   .            (no gloves)
SInv    .            (no boots)
Will    .....        (no amulet)
Stlth   ++           (no ring)
HPRegen 0.23/turn    (no ring)
MPRegen 0.10/turn

%: no passive effects
@: no status effects
A: high MP 1, forlorn, divine attributes
a: no special abilities


You were on level 1 of the Dungeon.
You visited 1 branch of the dungeon, and saw 1 of its levels.

Inventory:

Armour
 a - a +0 robe (worn)
Scrolls
 c - a scroll of fear {unknown}
Potions
 b - a potion of magic
 d - a potion of heal wounds {unknown}
 e - 2 potions of might {unknown}


   Skills:
 - Level 1.7 Dodging
 - Level 1.7 Stealth
 + Level 2.1 Spellcasting
 + Level 3.9 Summonings


You had 4 spell levels left.
You knew the following spells:

 Your Spells              Type           Power      Damage    Failure   Level
a - Summon Small Mammal   Summ           60%        N/A       3%          1

Your spell library contained the following spells:

 Spells                   Type           Power      Damage    Failure   Level
 Call Imp                 Summ           30%        N/A       6%          2
 Call Canine Familiar     Summ           15%        N/A       12%         3
 Summon Guardian Golem    Hex/Summ       8%         N/A       26%         3
 Summon Lightning Spire   Summ/Air       8%         N/A       65%         4


Dungeon Overview and Level Annotations

Branches:
Dungeon (1/15)


Innate Abilities, Weirdness & Mutations

You have an increased reservoir of magic. (+10% MP)
You shall have no god before yourself.
Your divine heritage dramatically boosts your attributes as you level up.


Message History

A hobgoblin comes into view.
Your quokka bites the gnoll but does no damage.
The gnoll hits your quokka with a +0 club!
Your quokka dies!
Your quokka's corpse disappears in a puff of smoke!
Your bat closely misses the gnoll.
Casting: Summon Small Mammal (safe; 3% risk of failure)
Confirm with . or Enter, or press ? or * to list all spells.
Your bat hits the gnoll but does no damage.
Your bat barely misses the gnoll.
Unknown command.
Found a ring mail.
Your bat hits the gnoll.
Your bat hits the gnoll but does no damage.
A giant cockroach comes into view.
Your bat hits the gnoll but does no damage. x2
Unknown command.
You hit the gnoll but do no damage.
The gnoll is moderately wounded.
Your bat hits the gnoll but does no damage.
Your quokka barely misses the gnoll.
The gnoll closely misses you.
Unknown command.
You swap places.
Your bat hits the gnoll but does no damage.
Your bat misses the gnoll.
Your quokka barely misses the gnoll.
The gnoll misses you.
Your bat barely misses the gnoll.
You swap places.
Your bat hits the gnoll but does no damage.
Your quokka closely misses the gnoll.
Your bat hits the gnoll. The gnoll hits you with a +0 club.
* * * LOW HITPOINT WARNING * * *
Your quokka bites the gnoll but does no damage.
Your bat hits the gnoll but does no damage.
Your quokka bites the gnoll.
Your bat closely misses the gnoll.
Your bat hits the gnoll but does no damage.
Casting: Summon Small Mammal (safe; 3% risk of failure)
Confirm with . or Enter, or press ? or * to list all spells.
Your bat disappears in a puff of smoke!
The gnoll hits you with a +0 club.
You die...

####### #.....# ######...B.
.......... #########
.#...#... #.......# ##
........## #.......###..
.....#..#######.......##...
#....§.rg@.r.........#....
##.##.########.......#....
# ..............†...#....
...#...######g...........
#.g.#.#........b.#.###....
#.. #[####.......#..###...
#.. #.# #.......##..#....
#.. #. #.......###......
#.......####.....


You could see a gnoll (ally target), a friendly quokka (summoned) and a friendly
rat (summoned).

Vanquished Creatures
  An endoplasm (D:1)
  A giant cockroach (D:1)
  A quokka (D:1)
  2 rats (D:1)
5 creatures vanquished.

Vanquished Creatures (collateral kills)
  A ball python (D:1)
  An endoplasm (D:1)
  A goblin (D:1)
  A hobgoblin (D:1)
  A kobold (D:1)
5 creatures vanquished.

Grand Total: 10 creatures vanquished

Notes
Turn   | Place    | Note
-------+----------+-------------------------------------------
     0 | D:1      | McKennaii the Demigod Summoner began the quest for the Orb.
     0 | D:1      | Reached XP level 1. HP: 14/14 MP: 5/5
   279 | D:1      | Reached XP level 2. HP: 16/20 MP: 4/7
   344 | D:1      | Slain by a gnoll

Illustrated notes

Levels and vault maps discovered:
D:1:      amcnicky_arrival_feature_with_door, layout_rooms

Skill      XL: |  1 |
---------------+----+-----
Spellcasting   | 2 |  2.1
Dodging        | |  1.7
Stealth        | |  1.7
Summonings     | |  3.9

Action                     || total
---------------------------++-------
  Melee: Unarmed           ||    21
   Cast: Summon Small Mamm ||    19
 Armour: Robe              ||     2
  Dodge: Dodged            ||    17
